 Dungeon Crawl Stone Soup version 0.16.0-18-g484a79e (webtiles) character file.

630 McCoppin the Skirmisher (level 7, -1/52 HPs)
             Began as an Octopode Fighter on Mar 23, 2015.
             Slain by a gnoll
             ... wielding a +0 halberd
              (17 damage)
             ... on level 4 of the Dungeon.
             The game lasted 00:13:14 (5362 turns).

McCoppin the Skirmisher (Octopode Fighter)          Turns: 5362, Time: 00:13:14

Health: -1/52      AC:  1    Str: 16    XL:     7   Next: 48%
Magic:  16/16      EV: 10    Int: 10    God:
Gold:   179        SH:  9    Dex: 13    Spells: 0 memorised, 6 levels left

rFire  . . .     SeeInvis .     a - +0 long sword
rCold  . . .     Clarity  .     c - +0 shield
rNeg   . . .     SustAb   .     (helmet restricted)
rPois  .         Gourm    .     d - amulet of rage
rElec  .         Spirit   .     k - ring of magical power
rCorr  .         Warding  .     (no ring)
rMut   .         Stasis   .     (no ring)
MR     .....                    (no ring)
Stlth  ++........               (no ring)
                                (no ring)
                                (no ring)
                                (no ring)

@: not resistant to hostile enchantments, unstealthy
A: almost no armour, amphibious, 8 rings, constrict 8, camouflage 1, gelatinous
body 1
a: Evoke Berserk Rage


You were on level 4 of the Dungeon.
You were very hungry.

You visited 1 branch of the dungeon, and saw 4 of its levels.

You collected 179 gold pieces.

Inventory:

Hand weapons
 a - a +0 long sword (weapon)
Armour
 c - a +0 shield (worn)
Jewellery
 d - an amulet of rage (around mantle)
 k - a ring of magical power (left tentacle)
Scrolls
 b - a scroll of recharging {unknown}
 g - a scroll of amnesia {unknown}
 h - 2 scrolls of remove curse {unknown}
 m - 2 scrolls of random uselessness {unknown}
 p - a scroll of fog {unknown}
 q - 2 scrolls of enchant weapon {unknown}
 t - 3 scrolls of fear {unknown}
 u - a scroll of enchant armour {unknown}
 v - a scroll of magic mapping {unknown}
 y - 3 scrolls of identify
Potions
 e - a potion of might
 f - a potion of ambrosia
 i - 2 potions of curing
 n - a potion of poison
 s - a potion of mutation {unknown}
 w - 3 potions of haste
 z - a potion of heal wounds {unknown}
 A - a potion of brilliance {unknown}
Comestibles
 j - a royal jelly
 l - a beef jerky
 o - a slice of pizza
 r - 2 bread rations
 x - 2 meat rations


   Skills:
 + Level 6.3 Fighting
 + Level 5.9 Long Blades
 - Level 3.0 Dodging
 - Level 3.0 Shields


You had 6 spell levels left.
You didn't know any spells.

Dungeon Overview and Level Annotations

Branches:
Dungeon (4/15)
 Temple: D:4-7

Altars:
Ashenzari
Dithmenos
Kikubaaqudgha
Nemelex Xobeh
Xom
Zin
The Shining One


Innate Abilities, Weirdness & Mutations

You cannot wear most types of armour.
You are amphibious.
You can wear up to eight rings at the same time.
You can use your tentacles to constrict many enemies at once.
Your skin changes colour to match your surroundings (Stealth).
Your rubbery body absorbs attacks (AC +1).


Message History

You kill the gnoll!
The gnoll misses you. The gnoll closely misses you.
You hit the gnoll. Your grab misses the gnoll.
The gnoll is heavily wounded.
The gnoll hits you. The gnoll barely misses you.
You closely miss the gnoll. You grab the gnoll.
The gnoll is heavily wounded.
You constrict the gnoll. The gnoll barely misses you.
You block the gnoll's attack.
You hit the gnoll but do no damage.
The gnoll is heavily wounded.
You constrict the gnoll. The gnoll hits you.
* * * LOW HITPOINT WARNING * * *
The gnoll barely misses you.
A gnoll comes into view.
The gnoll shouts!
You hit the gnoll.
You kill the gnoll!
The gnoll hits you with a halberd!
You die...

#.###... ##### #.#.#... ....
#.#..... ########## #..#
#.#....# g.g....g..###### #..#
#.#._..# #....g....###..#
#.#....# +..............#
##.#..... #.......g.####.#
#.)#.#...
#........@...#.###..###.PP
#.........##.#.#.....P....
############.#.#####.##.##
...a.....#..........##
###################......#.####
#........##.......#............
#..[.....+........#######...##.
#........##.####......###...##.
#........'....#.............#..


You could see a gnoll shaman (wandering) and 2 gnolls.

Vanquished Creatures
  A phantom (D:4)
  A scorpion (D:4)
  Crazy Yiuf (D:4)
  3 orc priests
  2 orc wizards (D:4)
  2 iguanas (D:4)
  A worker ant (D:4)
  Jessica (D:3)
  8 adders
  2 gnolls (D:4)
  A giant mite (D:4)
  4 worms
  An adder skeleton (D:4)
  2 giant geckos
  13 orcs
  6 bats
  9 goblins
  12 hobgoblins
  12 jackals
  11 kobolds
  A quokka (D:3)
  2 ball pythons (D:1)
  3 giant cockroaches
  3 giant newts
  9 rats
111 creatures vanquished.

Notes
Turn   | Place    | Note
--------------------------------------------------------------
     0 | D:1      | McCoppin, the Octopode Fighter, began the quest for the Orb.
     0 | D:1      | Reached XP level 1. HP: 16/16 MP: 1/1
   190 | D:1      | Reached XP level 2. HP: 11/21 MP: 2/2
   881 | D:1      | Reached XP level 3. HP: 26/26 MP: 3/3
  1505 | D:2      | Found a shadowy altar of Dithmenos.
  1850 | D:2      | Found a shattered altar of Ashenzari.
  1990 | D:2      | Found a sparkling altar of Nemelex Xobeh.
  2002 | D:2      | Reached XP level 4. HP: 26/33 MP: 4/4
  2247 | D:2      | Reached skill level 4 in Fighting
  2610 | D:3      | Noticed Jessica
  2620 | D:3      | Killed Jessica
  2701 | D:3      | Reached XP level 5. HP: 32/38 MP: 5/5
  2708 | D:3      | Found a shimmering altar of Xom.
  2708 | D:3      | Found a glowing golden altar of the Shining One.
  3246 | D:3      | Found a glowing silver altar of Zin.
  3625 | D:4      | Got a heavily runed plate armour
  3626 | D:4      | Identified the +5 plate armour of Absence {Str+3} (You found it on level 4 of the Dungeon)
  3866 | D:4      | Reached skill level 5 in Fighting
  3866 | D:4      | Reached XP level 6. HP: 30/45 MP: 6/6
  4225 | D:4      | Found an ancient bone altar of Kikubaaqudgha.
  4495 | D:3      | Reached skill level 5 in Long Blades
  4765 | D:4      | Reached XP level 7. HP: 45/51 MP: 7/7
  4895 | D:4      | Noticed Crazy Yiuf
  4903 | D:4      | Killed Crazy Yiuf
  4903 | D:4      | Reached skill level 6 in Fighting
  4951 | D:4      | Noticed a phantom
  5018 | D:4      | Killed a phantom
  5362 | D:4      | Slain by a gnoll

Action                   |  1- 3 |  4- 6 |  7- 9 || total
-------------------------+-------+-------+-------++-------
Melee: Long sword        |    68 |   135 |    47 ||   250
  Use: Scroll            |       |     5 |       ||     5
       Potion            |       |       |     1 ||     1
 Stab: Sleeping          |     3 |     6 |       ||     9
       Distracted        |       |     1 |       ||     1
  Eat: Chunk             |     1 |     5 |     1 ||     7
       Bread ration      |     1 |       |       ||     1
       Beef jerky        |       |     1 |       ||     1
